 Dungeon Crawl Stone Soup version 0.27-a0-1347-gd8886f0a89 (webtiles) character file.

Game seed: 16346504805171244577

2 bilbop the Caller (level 1, -1/10 HPs)
             Began as a Deep Elf Summoner on June 27, 2021.
             Slain by a jackal (3 damage)
             ... on level 1 of the Dungeon.
             The game lasted 00:01:13 (40 turns).

bilbop the Caller (Deep Elf Summoner)                 Turns: 40, Time: 00:01:13

Health: -1/10      AC:  2    Str:  5    XL:     1   Next: 33%
Magic:  3/6        EV: 12    Int: 19    God:
Gold:   0          SH:  0    Dex: 15    Spells: 5/6 levels left

rFire    . . .     SeeInvis .   (no weapon)
rCold    . . .     Faith    .   (no shield)
rNeg     . . .     Spirit   .   a - +0 robe
rPois    .         Reflect  .   (no helmet)
rElec    .         Harm     .   (no cloak)
rCorr    .         Rampage  .   (no gloves)
Will     .....                  (no boots)
Stlth    ++........             (no amulet)
HPRegen  0.03/turn              (no ring)
MPRegen  0.10/turn              (no ring)

@: no status effects
A: no striking features
a: no special abilities


You were on level 1 of the Dungeon.
You visited 1 branch of the dungeon, and saw 1 of its levels.

Inventory:

Armour
 a - a +0 robe (worn)


   Skills:
 + Level 0.1 Fighting
 + Level 0.0 Short Blades
 + Level 2.5 Dodging
 + Level 2.5 Stealth
 + Level 3.0 Spellcasting
 + Level 4.4 Summonings


You had 5 spell levels left.
You knew the following spells:

 Your Spells              Type           Power      Damage    Failure   Level
a - Summon Small Mammal   Summ           76%        N/A       2%          1

Your spell library contained the following spells:

 Spells                   Type           Power      Damage    Failure   Level
 Call Imp                 Summ           19%        N/A       3%          2
 Call Canine Familiar     Summ           19%        N/A       8%          3
 Summon Guardian Golem    Hex/Summ       11%        N/A       19%         3
 Summon Ice Beast         Ice/Summ       11%        N/A       52%         4
 Summon Lightning Spire   Summ/Air       11%        N/A       52%         4


Dungeon Overview and Level Annotations

Branches:
Dungeon (1/15)

Altars:


Message History

Your quokka's corpse disappears in a puff of smoke!
The jackal bites the plant.
The plant begins to die.
Your bat misses the jackal.
Your quokka barely misses the jackal.
The jackal bites you but does no damage.
The jackal bites the plant.
Your quokka bites the jackal.
Your bat barely misses the jackal.
The jackal barely misses your quokka.
The jackal bites the plant.
The plant begins to die.
The hobgoblin misses your bat.
Your quokka bites the jackal.
The jackal dies!
Your bat hits the ball python.
The jackal completely misses the plant.
The ball python bites you. The ball python closely misses you.
Your quokka bites the hobgoblin.
The jackal bites the plant.
A nearby plant withers and dies. x2; The ball python barely misses you.
The ball python grabs you. The ball python constricts you.
The hobgoblin closely misses you.
Your quokka bites the hobgoblin.
The ball python bites you. The ball python constricts you.
Your bat misses the ball python.
Your rat completely misses the ball python.
Your quokka bites the hobgoblin.
The hobgoblin dies!
The ball python bites you. The ball python constricts you.
A nearby plant withers and dies.
Your bat hits the ball python.
Your quokka barely misses the rat.
Your rat barely misses the ball python.
The rat bites you. The ball python loses its grip on you.
You closely miss the rat.
Your rat bites the ball python.
The ball python dies!
The rat barely misses you. The jackal misses your quokka.
Your quokka barely misses the rat.
You hit the rat.
The rat is moderately wounded.
Your bat barely misses the rat.
The jackal bites your quokka. The rat bites you but does no damage.
Your quokka bites the rat.
The rat dies!
You closely miss the quokka. The quokka barely misses you.
Your rat closely misses the quokka.
Your bat completely misses the quokka.
The jackal closely misses you. The quokka bites you.
* * * LOW HITPOINT WARNING * * *
You hit the jackal but do no damage. Your bat hits the quokka.
Your rat bites the quokka.
The jackal bites you.
You die...

..PPPPP..PPP...# ..#
PPP...PPP..P...# ..#
PP.PPP.PP.P....##..#####
P.PP.PP.PP.P...........#
.PP.P.PP.P.............#
.P.PPP.P.P..[..b.......#
.PP.P.PP.P.P.h...r.....#
P.PP.PP.PP.P...hrr.....#
PP.PPP.PP.PP####@.######


PPP...PPP.PP# ##+# ..PPPPP..PPP# PP.....PPPPP# PPPPPPPPPPPP. PPPPPPP ####### You
could see a quokka (ally target), 2 jackals, a friendly quokka (summoned), a
friendly bat (summoned) and a friendly rat (summoned).

Vanquished Creatures (collateral kills)
  A ball python (D:1)
  A hobgoblin (D:1)
  A jackal (D:1)
  A rat (D:1)
4 creatures vanquished.

Vanquished Creatures (others)
  29 plants (D:1)
29 creatures vanquished.

Grand Total: 33 creatures vanquished

Notes
Turn   | Place    | Note
-------+----------+-------------------------------------------
     0 | D:1      | bilbop the Deep Elf Summoner began the quest for the Orb.
     0 | D:1      | Reached XP level 1. HP: 10/10 MP: 6/6
    40 | D:1      | Slain by a jackal

Illustrated notes

Levels and vault maps discovered:
D:1:      roderic_crop_circles_arrival_small, layout_rooms, serial_rivers,
          chequers_serial_rivers_large_a, chequers_serial_rivers_room_b,
          chequers_serial_rivers_large_b, chequers_serial_rivers_room_a

Action                   || total
-------------------------++-------
Melee: Unarmed           ||     4
 Cast: Summon Small Mamm ||     4
Armor: Robe              ||     3
Dodge: Dodged            ||     7

Table legend: (Time is in decaauts)
 A = Elapsed time spent in this place.
 B = Non-inter-level travel time spent in this place.
 C = Inter-level travel time spent in this place.
 D = Time resting spent in this place.
 E = Time spent auto-exploring this place.
 F = Levels seen in this place.
 G = Mean time per level.
                   A        B        C        D        E       F      G
               +--------+--------+--------+--------+--------+-----+--------+
         Total |     40 |     40 |      0 |      0 |      6 |   1 |   40.0 |
       Dungeon |     40 |     40 |      0 |      0 |      6 |   1 |   40.0 |
               +--------+--------+--------+--------+--------+-----+--------+

Top non-repeatable levels by time:
     D:1: 40 daAuts
